 Dungeon Crawl Stone Soup version 0.17-a0-1164-g0ba867e (webtiles) character file.

481049 wvc the Impaler (level 24, -11/152 HPs)
             Began as a Gargoyle Fire Elementalist on May 20, 2015.
             Was the Champion of Cheibriados.
             Thrown by an octopode crusher (32 damage)
             ... on level 4 of the Depths on May 28, 2015.
             The game lasted 05:34:54 (61225 turns).

wvc the Impaler (Gargoyle Fire Elementalist)       Turns: 61225, Time: 05:34:54

Health: -11/152    AC: 36    Str: 26    XL:     24   Next: 54%
Magic:  13/42      EV: 34    Int: 45    God:    Cheibriados [******]
Gold:   2148       SH:  0    Dex: 36    Spells: 14 memorised, 1 level left

rFire  + + +     SeeInvis .     B - +9 scythe "Duzudgh" {venom, Str-5 Int+3 Stlth+}
rCold  . . .     Clarity  .     p - +4 troll leather armour
rNeg   + . .     SustAt   .     (no shield)
rPois  ∞         Gourm    .     d - +0 helmet of Ykkuo {*Contam rF+ MR++ Int+2}
rElec  +         Spirit   .     M - +0 cloak
rCorr  .         Warding  .     X - +2 pair of gloves of the Buccaneer {rPois rF+ Int+3 Dex+4}
rMut   .         Stasis   .     D - +2 pair of boots of Dishonesty {Dex+2}
MR     +++..                    Z - amulet of regeneration
Stlth  ++++......               k - +5 ring of dexterity
                                C - ring of wizardry

@: flying, very slightly contaminated, very slow, extremely resistant to hostile
enchantments, stealthy
A: big wings, repulsion field 1, dopey 1, fire resistance 1, mutation resistance
1, negative energy resistance 1, electricity resistance, unbreathing,
petrification resistance, rot immunity, MP-powered wands, AC +17
a: Stop Flying, Bend Time, Temporal Distortion, Slouch, Step From Time, Renounce
Religion
}: 3/15 runes: serpentine, barnacled, slimy


You were on level 4 of the Depths.
You worshipped Cheibriados.
Cheibriados was exalted by your worship.
You were not hungry.

You visited 10 branches of the dungeon, and saw 53 of its levels.
You visited the Abyss 3 times.
You visited 1 bazaar.
You also visited: Bailey.

You collected 5949 gold pieces.
You spent 3801 gold pieces at shops.

Inventory:

Hand weapons
 g - a +9 demon trident of flaming
 B - the +9 scythe "Duzudgh" (weapon) {venom, Str-5 Int+3 Stlth+}
   (You bought it in a shop on level 8 of the Dungeon)

   It poisons the flesh of those it strikes.
   It affects your strength (-5).
   It affects your intelligence (+3).
   It makes you more stealthy.
 O - the +7 lajatang of Order {silver, rMut}
   (You bought it in a shop on level 4 of the Orcish Mines)

   It protects you from mutation.
Armour
 d - the +0 helmet of Ykkuo (worn) {*Contam rF+ MR++ Int+2}
   (You found it on level 3 of the Elven Halls)

   It affects your intelligence (+2).
   It protects you from fire.
   It affects your resistance to hostile enchantments.
   It causes magical contamination when unequipped.
 p - a +4 troll leather armour (worn)
 D - the +2 pair of boots of Dishonesty (worn) {Dex+2}
   (You bought it in a shop in a bazaar)

   It affects your dexterity (+2).
 M - a +0 cloak (worn)
 X - the +2 pair of gloves of the Buccaneer (worn) {rPois rF+ Int+3 Dex+4}
   (You acquired it on level 10 of the Dungeon)

   It affects your intelligence (+3).
   It affects your dexterity (+4).
   It protects you from fire.
   It protects you from poison.
Magical staves
 U - an uncursed staff of wizardry
Jewellery
 e - an uncursed amulet of clarity
 j - an uncursed ring of see invisible
 k - a +5 ring of dexterity (right hand)
 w - an uncursed ring of protection from magic
 C - a ring of wizardry (left hand)
 F - an uncursed ring of sustain attributes
 H - an uncursed amulet of resist corrosion
 Z - an amulet of regeneration (around neck)
Magical devices
 r - a wand of teleportation (5)
 s - a wand of digging (2)
 x - a wand of disintegration (5)
 z - a wand of heal wounds (2)
 Y - a wand of confusion (11)
Scrolls
 a - 5 scrolls of immolation
 b - 7 scrolls of enchant weapon
 i - 2 scrolls of silence
 l - 13 scrolls of remove curse
 m - 5 scrolls of blinking
 u - 5 scrolls of magic mapping
 v - a scroll of enchant armour
 E - 13 scrolls of teleportation
 I - 9 scrolls of fog
 K - 3 scrolls of recharging
 P - a scroll of fear
 T - a scroll of identify
 V - a scroll of summoning
Potions
 f - 8 potions of agility
 h - 2 potions of resistance
 q - 4 potions of brilliance
 y - 2 potions of invisibility
 G - 12 potions of curing
 J - 5 potions of cancellation
 N - 5 potions of might
 Q - a potion of heal wounds
 S - 3 potions of cure mutation
 W - a potion of ambrosia
Books
 R - an Akashic Record {highlevel}

   Spells                             Type                      Level
   a - Dispersal                      Translocation                6
   b - Controlled Blink               Translocation                7
   c - Malign Gateway                 Summoning/Translocation      7
   d - Disjunction                    Translocation                8
   e - Singularity                    Translocation                9
Miscellaneous
 t - a phial of floods
Comestibles
 c - 15 bread rations
 n - 30 meat rations
 o - a beef jerky


   Skills:
 - Level 15.8 Fighting
 - Level 19.9(20.0) Polearms
 - Level 2.9(14.8) Staves
 - Level 7.7 Armour
 - Level 14.5 Dodging
 - Level 2.1 Stealth
   Level 3.5 Shields
 - Level 15.0 Spellcasting
 - Level 10.3 Conjurations
 + Level 0.5 Hexes
 - Level 1.3 Charms
 * Level 13.9 Translocations
 - Level 1.0 Transmutations
 - Level 10.9 Fire Magic
 - Level 3.0 Air Magic
 - Level 2.3 Earth Magic
 - Level 1.2 Poison Magic
 - Level 12.0 Invocations


You had one spell level left.
You knew the following spells:

 Your Spells              Type           Power        Failure   Level  Hunger
a - Phase Shift           Tloc           ########..   1%          5    None
b - Throw Flame           Conj/Fire      ######       1%          2    None
c - Conjure Flame         Conj/Fire      #######.     1%          3    None
d - Fireball              Conj/Fire      #######...   1%          5    None
e - Sticky Flame          Conj/Fire      #######.     1%          4    None
f - Blink                 Tloc           N/A          0%          2    None
g - Apportation           Tloc           ########..   0%          1    None
h - Mephitic Cloud        Conj/Pois/Air  ######..     1%          3    None
i - Bolt of Fire          Conj/Fire      #######...   1%          6    None
j - Spectral Weapon       Hex/Chrm       #####...     1%          3    None
k - Control Teleport      Chrm/Tloc      #######...   1%          4    None
l - Stoneskin             Trmt/Erth      #####...     1%          2    None
m - Singularity           Tloc           ########..   86%         9    ######.
n - Regeneration          Chrm/Necr      #####.....   1%          3    None


Dungeon Overview and Level Annotations

Branches:
Dungeon (15/15)            Temple (1/1) D:4            Lair (8/8) D:11
 Shoals (4/4) Lair:4        Snake (4/4) Lair:5        Slime (6/6) Lair:7
    Orc (4/4) D:11            Elf (3/3) Orc:3        Vaults (4/5) D:14
  Crypt (0/3) Vaults:3     Depths (4/5) D:15

Altars:
Ashenzari
Cheibriados
Dithmenos
Elyvilon
Fedhas
Gozag
Kikubaaqudgha
Makhleb
Nemelex Xobeh
Okawaru
Qazlal
Ru
Sif Muna
Trog
Vehumet
Xom
Yredelemnul
Zin
The Shining One
Beogh
Jiyva

Shops:
D:4 *   D:8 (=[!=   Orc:4 *=*(   Snake:3 (   Vaults:2 *}(   Vaults:3 :
Vaults:4 (   Depths:3 !   Depths:4 }

Portals:
Hell: Lair:8 Depths:1 Depths:2 Depths:4
Abyss: Depths:4
Pandemonium: Depths:1 Depths:3
Ziggurat: Depths:2
Trove: D:15 (give 16 scrolls of teleportation)

Annotations:
D:7 exclusion: statue
D:8 1 exclusion
D:10 exclusion: orange crystal statue
Elf:2 1 exclusion
Depths:4 1 runed door


Innate Abilities, Weirdness & Mutations

You are resistant to torment.
Your stone body is resilient (AC +17).
You are immune to poison.
Your large and strong wings let you fly indefinitely.
You resist negative energy.
You are resistant to electric shocks.
You can survive without breathing.
You are immune to petrification.
You are immune to rotting.
You are surrounded by a mild repulsion field (EV +2).
You are dopey. (Int -2)
Your flesh is heat resistant.
You are somewhat resistant to further mutation.
You expend magic power (3 MP) to strengthen your wands.


Message History

* * * LOW HITPOINT WARNING * * *
The octopode crusher constricts you!
Drink which item? (? for menu, Esc to quit)
You feel much better.
The octopode crusher tentacle-slaps you!
* * * LOW HITPOINT WARNING * * *
x2 The octopode crusher constricts you!
Drink which item? (? for menu, Esc to quit)
You feel much better.
The octopode crusher tentacle-slaps you!
* * * LOW HITPOINT WARNING * * *
x2 The octopode crusher constricts you!
You hit the octopode crusher.
The octopode crusher is almost dead.
The octopode crusher tentacle-slaps you!!
* * * LOW HITPOINT WARNING * * *
The octopode crusher constricts you.
Drink which item? (? for menu, Esc to quit)
You feel much better. The octopode crusher throws you!
You die...

..... .........≈≈§§..§≈.... .....
≈.≈≈≈......§§§....... .....
#≈≈......§.§....... .....
#≈≈.......?........ ..... .
#≈≈.[.............. ..[..
.≈####≈≈................ ......
.≈≈≈≈≈≈≈x..†..[....>.... .....#
.≈≈≈≈≈≈≈................ ≈≈≈..#
.≈≈≈≈≈≈@................ §≈.≈...
.≈≈≈≈≈≈≈................ ........
.≈≈≈≈≈≈≈................
....[.[...≈≈≈≈≈≈......((.∩...#...
..........≈≈≈≈≈≈.............####
≈≈...... .≈≈≈≈≈≈.............##
≈.≈...# #≈≈≈≈≈######.........##
≈§§...# ≈≈≈≈≈≈ #..........##
......# #...........#


You could see an octopode crusher.

Vanquished Creatures
  the royal jelly (Slime:6)
  Sojobo (Depths:1)
  Frederick (Depths:4)
  Norris (D:13)
  Saint Roka (Depths:3)
  A bone dragon (Abyss:1)
  Rupert (D:13)
  2 liches
  2 deep elf blademasters (Elf:3)
  A titan (Vaults:4)
  2 deep elf master archers (Elf:3)
  4 tentacled starspawn (Abyss:1)
  An octopode crusher (Depths:4)
  5 tengu reavers
  3 sphinxes
  18 acid blobs
  A kraken (Shoals:4)
  Kirke (D:13)
  2 storm dragons
  5 greater nagas
  Ilsuiw (Shoals:4)
  5 azure jellies
  Wiglaf (Depths:1)
  12 deep elf sorcerers (Elf:3)
  Donald (D:13)
  5 fire giants
  6 vault wardens
  5 frost giants
  Aizul (Snake:4)
  Louise (D:15)
  2 orc warlords
  7 ironheart preservers
  5 rakshasas
  17 stone giants
  4 very ugly things
  5 deep elf demonologists
  11 deep elf annihilators
  A dire elephant (Lair:8)
  2 eidola
  4 vault guards
  6 deep elf death magi
  4 merfolk javelineers (Shoals:4)
  A blizzard demon (Abyss:1)
  7 merfolk impalers
  3 death oozes (Slime:6)
  A crystal guardian (Abyss:1)
  14 yaktaur captains
  Josephine (D:11)
  5 ettins
  5 fire dragons
  7 deep elf high priests (Elf:3)
  7 ice dragons
  9 great orbs of eyes
  A ghost crab (shapeshifter) (Vaults:1)
  10 hydras
  2 spriggan air magi
  15 naga warriors
  9 ogre magi
  A monstrous demonspawn (Depths:3)
  7 entropy weavers
  5 salamander stormcallers
  6 anacondas
  A hell beast (Lair:8)
  An alligator snapping turtle (Shoals:3)
  2 merfolk avatars (Shoals:4)
  4 merfolk aquamancers (Shoals:4)
  4 dancing weapons (Elf:2)
  A queen ant (Lair:4)
  A catoblepas (Lair:4)
  17 centaur warriors
  3 deep troll shamans
  5 deep troll earth magi
  6 orc high priests (Orc:4)
  7 death yaks (Lair:7)
  12 tengu warriors
  3 vampire magi
  7 naga sharpshooters
  2 thrashing horrors (Abyss:1)
  A sun demon (Abyss:1)
  21 deep elf knights
  5 shock serpents
  A shock serpent (shapeshifter) (Vaults:2)
  A spriggan berserker (Depths:1)
  5 wizards
  3 hell hogs (Depths:2)
  4 wretched stars (Abyss:1)
  A soul eater (Abyss:1)
  8 skeletal warriors
  3 fire crabs
  A salamander mystic (Snake:3)
  6 hell knights
  3 shadow wraiths
  2 golden dragon zombies (D:15)
  An unseen horror (D:13)
  A giant orange brain (Vaults:2)
  11 deep elf summoners
  An ice devil (Depths:3)
  19 hill giants
  7 sea snakes
  14 deep trolls
  18 starcursed masses (Abyss:1)
  2 ice statues
  An obsidian statue (Elf:1)
  Pikel (D:6)
  2 flayed ghosts
  A shadow demon (Depths:3)
  6 necromancers
  6 naga ritualists
  6 orc sorcerers
  A phantasmal warrior (Vaults:3)
  A harpy (shapeshifter) (Depths:2)
  An iron dragon zombie (Depths:1)
  8 deep elf conjurers
  55 ugly things
  11 ironbrand convokers
  12 orc knights
  10 mana vipers
  4 shining eyes
  6 cyclopes
  A frost giant zombie (Vaults:2)
  2 hornets (Vaults:2)
  3 elephants (Lair:8)
  13 griffons
  4 wolf spiders
  12 harpies
  A water nymph (Shoals:4)
  A salamander (shapeshifter) (Depths:1)
  9 manticores
  40 black mambas
  3 smoke demons (Abyss:1)
  A sphinx skeleton (Vaults:2)
  11 salamanders
  A frost giant skeleton (Depths:1)
  10 vault sentinels
  An elephant (shapeshifter) (Depths:1)
  Maurice (D:9)
  A moth of wrath (shapeshifter) (Vaults:3)
  2 apocalypse crabs (Abyss:1)
  A centaur zombie (D:15)
  A rust devil (Elf:3)
  24 naga magi
  A gargoyle (D:12)
  3 sirens (Shoals:4)
  A worldbinder (Abyss:1)
  3 eyes of devastation
  12 spiny frogs
  2 torpor snails (Lair:7)
  A spriggan skeleton (D:15)
  5 spectral swamp worms (Depths:4)
  2 guardian serpents
  An orange crystal statue (Depths:1)
  A black mamba (shapeshifter) (Depths:2)
  A komodo dragon (shapeshifter) (Vaults:1)
  An orange demon (Lair:8)
  An efreet (Abyss:1)
  A hellwing (Lair:8)
  2 kobold demonologists
  3 komodo dragons
  A spriggan zombie (D:15)
  29 yaktaurs
  4 jumping spiders
  A yaktaur skeleton (Depths:1)
  A jumping spider (shapeshifter) (D:15)
  5 red devils
  6 freezing wraiths
  2 ancient zymes (Abyss:1)
  4 fire drakes
  12 trolls
  A yaktaur (shapeshifter) (Vaults:1)
  13 merfolk
  6 blue devils
  15 deep elf priests
  3 wind drakes
  4 polar bears
  A fire vortex (Depths:4)
  A shadow dragon simulacrum (Depths:1)
  11 snapping turtles
  4 tengu conjurers
  Grinder (D:3)
  4 raiju (Abyss:1)
  A stone giant simulacrum (Vaults:2)
  86 slime creatures
  16 two-headed ogres
  4 boulder beetles
  20 ravens
  The ghost of Jakers the Bolt Thrower, an average HaHu (D:5)
  An ettin zombie (Depths:1)
  2 tarantellas
  A spriggan (shapeshifter) (Elf:2)
  2 ynoxinuls (Abyss:1)
  A fire dragon zombie (Abyss:1)
  A flying skull (Abyss:1)
  3 shadows
  6 air elementals
  12 blink frogs
  50 yaks
  2 wyverns (shapeshifter)
  13 redbacks
  A basilisk (Lair:8)
  43 deep elf magi
  15 water elementals
  A trapdoor spider (D:12)
  44 deep elf fighters
  5 wraiths (D:11)
  3 hungry ghosts
  2 soldier ants (shapeshifter)
  A fire bat (shapeshifter) (Vaults:1)
  3 neqoxecs (Abyss:1)
  6 wyverns
  A golden eye (shapeshifter) (Depths:3)
  15 humans
  A hog (D:13)
  30 nagas
  5 golden eyes (Slime:3)
  11 hippogriffs
  3 mottled dragons
  35 wolves
  6 wargs
  6 swamp worms (Lair:4)
  19 soldier ants
  23 vampire mosquitoes
  11 large abominations
  6 hell hounds (Depths:2)
  Duvessa (D:5)
  4 sky beasts
  29 water moccasins
  72 orc warriors
  17 porcupines
  A black bear (Lair:5)
  20 boggarts
  A human zombie (Vaults:2)
  An ice beast (shapeshifter) (Depths:2)
  A snapping turtle zombie (Abyss:1)
  2 wasps
  4 phantoms
  6 ice beasts
  An eye of draining (shapeshifter) (Vaults:3)
  47 ogres
  5 necrophages
  11 eyes of draining
  An ogre (shapeshifter) (D:13)
  54 centaurs
  3 brain worms
  20 giant frogs
  A glowing shapeshifter simulacrum (Vaults:2)
  A lost soul (Vaults:1)
  4 big kobolds
  15 crocodiles
  A gnoll sergeant (D:5)
  A wyvern skeleton (D:14)
  Dowan (D:5)
  4 scorpions
  13 small abominations
  24 killer bees
  18 wights
  An electric eel (Lair:4)
  6 crimson imps
  2 iron imps (Abyss:1)
  6 hounds
  37 orc priests
  5 centaur skeletons
  Crazy Yiuf (D:5)
  A giant frog zombie (D:5)
  21 jellies
  4 quasits
  A giant frog skeleton (D:5)
  28 worker ants
  Jessica (D:2)
  12 iguanas
  Terence (D:3)
  An iguana (shapeshifter) (Depths:2)
  43 orc wizards
  2 hell rats (Elf:1)
  46 sheep
  A killer bee zombie (D:6)
  A worker ant zombie (D:10)
  12 gnolls
  48 river rats
  15 white imps
  6 shadow imps
  15 adders
  10 ufetubi
  7 oozes
  3 worms
  An adder zombie (D:7)
  2 adder skeletons (D:4)
  3 giant geckos
  355 orcs
  17 bats
  A bat skeleton (D:5)
  23 hobgoblins
  49 kobolds
  A quokka (D:2)
  4 ball pythons
  4 giant cockroaches
  7 giant newts
  27 goblins
  19 jackals
  A jackal skeleton (D:5)
  2 quokka zombies (D:7)
  13 rats
  A butterfly (D:4)
  4 crawling corpses
  3 fungi
  A starspawn tentacle (Abyss:1)
  A tentacle (Shoals:4)
2714 creatures vanquished.

Vanquished Creatures (collateral kills)
  An ironheart preserver (Vaults:4)
  A naga sharpshooter (Snake:4)
  A shock serpent (Snake:4)
  3 soldier ants (Lair:4)
  4 worker ants (Lair:4)
10 creatures vanquished.

Vanquished Creatures (others)
  An eldritch tentacle (Depths:1)
  A vault warden (Vaults:2)
  An ironheart preserver (Vaults:3)
  An anaconda (Snake:4)
  5 spectral weapons
  An ogre mage (Depths:1)
  2 merfolk aquamancers
  2 skeletal warriors (Vaults:2)
  A naga ritualist (Snake:4)
  An ironbrand convoker (Vaults:3)
  A harpy (shapeshifter) (Vaults:1)
  A naga mage (Snake:2)
  4 vault sentinels
  2 yaktaurs
  2 black mambas (Snake:4)
  A kobold demonologist (Vaults:3)
  A troll (Vaults:2)
  2 ravens
  A vampire (Depths:1)
  A water elemental (Shoals:4)
  A deep elf fighter (Elf:1)
  5 humans (D:13)
  5 ogres
  4 lost souls (Vaults:1)
  A scorpion (D:13)
  A killer bee (D:11)
  A mummy (D:15)
  An adder (D:6)
  A shadow imp (D:6)
  An orc (Vaults:3)
  A kobold (D:6)
  A quokka (D:6)
  A bat (D:6)
  A rat (D:6)
  A crawling corpse (Vaults:4)
  142 eldritch tentacle segments (Depths:1)
  8 fungi
  8 plants
  8 starspawn tentacles (Abyss:1)
  75 starspawn tentacle segments (Abyss:1)
  12 tentacles (Shoals:4)
  361 tentacle segments (Shoals:4)
672 creatures vanquished.

Grand Total: 3396 creatures vanquished

Notes
Turn   | Place    | Note
--------------------------------------------------------------
     0 | D:1      | wvc the Gargoyle Fire Elementalist began the quest for the Orb.
     0 | D:1      | Reached XP level 1. HP: 10/10 MP: 3/3
   551 | D:1      | Reached XP level 2. HP: 15/15 MP: 3/5
   622 | D:1      | Learned a level 2 spell: Throw Flame
  1146 | D:1      | Reached XP level 3. HP: 19/19 MP: 3/6
  1746 | D:2      | Found a shimmering altar of Xom.
  1830 | D:2      | Noticed Jessica
  1834 | D:2      | Killed Jessica
  1834 | D:2      | Reached skill level 4 in Fire Magic
  1834 | D:2      | Reached XP level 4. HP: 24/24 MP: 3/8
  2161 | D:2      | Learned a level 3 spell: Conjure Flame
  2613 | D:2      | Reached XP level 5. HP: 18/28 MP: 0/9
  2943 | D:3      | Found an opulent altar of Gozag.
  2951 | D:3      | Noticed Grinder
  2988 | D:3      | Paralysed by Grinder for 2 turns
  2991 | D:3      | Killed Grinder
  2991 | D:3      | Reached skill level 5 in Fire Magic
  2991 | D:3      | Reached XP level 6. HP: 32/32 MP: 6/12
  3037 | D:3      | Noticed Terence
  3054 | D:3      | Killed Terence
  3401 | D:3      | Reached XP level 7. HP: 21/36 MP: 6/13
  4268 | D:4      | Learned a level 5 spell: Fireball
  4273 | D:4      | Learned a level 4 spell: Sticky Flame
  4452 | D:4      | Reached skill level 5 in Spellcasting
  4815 | D:4      | Found a staircase to the Ecumenical Temple.
  4853 | Temple   | Entered the Ecumenical Temple
  4909 | Temple   | Became a worshipper of Cheibriados the Contemplative
  5174 | D:4      | Reached skill level 6 in Fire Magic
  5478 | D:4      | Found Bycs's General Store.
  5940 | D:4      | Reached XP level 8. HP: 42/42 MP: 13/16
  5942 | D:4      | Acquired Cheibriados's first power
  5976 | D:4      | Found a shimmering altar of Xom.
  6083 | D:5      | Entered Level 5 of the Dungeon
  6163 | D:5      | Noticed Jakers's ghost (average HaHu)
  6177 | D:5      | Killed Jakers's ghost
  6177 | D:5      | Reached skill level 1 in Polearms
  6427 | D:5      | Reached skill level 1 in Armour
  6579 | D:5      | Learned a level 2 spell: Blink
  6581 | D:5      | Learned a level 1 spell: Apportation
  6590 | D:5      | Noticed Dowan
  6608 | D:5      | Killed Dowan
  6608 | D:5      | Reached skill level 1 in Fighting
  6625 | D:5      | Noticed Duvessa
  6632 | D:5      | Killed Duvessa
  6632 | D:5      | Reached skill level 1 in Shields
  6632 | D:5      | Reached skill level 1 in Translocations
  7024 | D:5      | Noticed Crazy Yiuf
  7031 | D:5      | Killed Crazy Yiuf
  7481 | D:5      | Reached XP level 9. HP: 34/48 MP: 14/18
  7642 | D:6      | Noticed Pikel
  7660 | D:6      | Killed Pikel
  7947 | D:6      | Acquired Cheibriados's second power
  8799 | D:7      | Reached skill level 5 in Conjurations
  8881 | D:7      | Found a shattered altar of Ashenzari.
  8896 | D:7      | Found a radiant altar of Vehumet.
  9048 | D:7      | Acquired Cheibriados's third power
  9111 | D:7      | Reached skill level 7 in Fire Magic
  9196 | D:7      | Found a basalt altar of Yredelemnul.
  9216 | D:7      | Reached XP level 10. HP: 56/56 MP: 4/20
  9482 | D:8      | Found a blossoming altar of Fedhas.
  9492 | D:8      | Found Zuiqil's Antique Weapon Shop.
  9525 | D:8      | Bought a jewelled scythe for 216 gold pieces
  9530 | D:8      | Identified the +9 scythe "Duzudgh" {venom, Str-5 Int+3 Stlth+} (You bought it in a shop on level 8 of the Dungeon)
  9611 | D:8      | Found Jejask's Jewellery Boutique.
  9648 | D:8      | Found Miostruq's Distillery.
  9652 | D:8      | Bought a potion of curing for 45 gold pieces
  9652 | D:8      | Bought a potion of heal wounds for 75 gold pieces
  9652 | D:8      | Bought a potion of heal wounds for 75 gold pieces
  9699 | D:8      | Acquired Cheibriados's fourth power
 10176 | D:8      | Found Duven's Armour Shoppe.
 10177 | D:8      | Found Deaqoaq's Jewellery Shoppe.
 10501 | D:8      | Reached skill level 5 in Polearms
 10698 | D:9      | Noticed Maurice
 10705 | D:9      | Killed Maurice
 10831 | D:9      | Learned a level 3 spell: Mephitic Cloud
 10872 | D:9      | Found a flagged portal.
 10877 | Bailey   | Entered a bailey
 11165 | Bailey   | Reached skill level 5 in Translocations
 11176 | Bailey   | Noticed an orc knight
 11203 | Bailey   | Killed an orc knight
 11418 | D:9      | Reached XP level 11. HP: 50/61 MP: 22/22
 11532 | D:9      | Found a sparkling altar of Nemelex Xobeh.
 11533 | D:9      | Reached skill level 8 in Fire Magic
 11713 | D:9      | Found a glowing golden altar of the Shining One.
 11905 | D:10     | Entered Level 10 of the Dungeon
 12033 | D:10     | Noticed a hill giant
 12037 | D:10     | Killed a hill giant
 12387 | D:10     | Reached skill level 5 in Fighting
 12687 | D:10     | Noticed a hill giant
 12691 | D:10     | Killed a hill giant
 12704 | D:10     | Identified a scroll of acquirement
 12705 | D:10     | Got a pair of jewelled gloves
 12716 | D:10     | Identified the +2 pair of gloves of the Buccaneer {rPois rF+ Int+3 Dex+4} (You acquired it on level 10 of the Dungeon)
 12861 | D:11     | Noticed a hill giant
 12866 | D:11     | Killed a hill giant
 13219 | D:11     | Noticed a hill giant
 13233 | D:11     | Killed a hill giant
 13265 | D:11     | Got a warped rapier
 13268 | D:11     | Found a staircase to the Orcish Mines.
 13269 | D:11     | Identified the cursed +0 rapier of Absolution {pierce, *Confuse +Inv rPois rN++} (You found it on level 11 of the Dungeon)
 13339 | D:11     | Reached skill level 9 in Polearms
 13423 | D:11     | Noticed Josephine
 13428 | D:11     | Reached XP level 12. HP: 69/69 MP: 20/24
 13442 | D:11     | Killed Josephine
 13442 | D:11     | Reached skill level 1 in Air Magic
 13447 | D:11     | Reached skill level 1 in Poison Magic
 13804 | D:11     | Found a staircase to the Lair.
 13877 | D:11     | Noticed a four-headed hydra
 13884 | D:11     | Killed a four-headed hydra
 14633 | D:12     | Found a shimmering altar of Xom.
 14790 | D:12     | Reached skill level 10 in Polearms
 15002 | Lair:1   | Entered Level 1 of the Lair of Beasts
 15096 | Lair:1   | Noticed a seven-headed hydra
 15119 | Lair:1   | Learned a level 6 spell: Bolt of Fire
 15919 | Lair:1   | Killed a seven-headed hydra
 16040 | Lair:1   | Reached XP level 13. HP: 76/76 MP: 26/26
 16406 | Lair:2   | Reached skill level 11 in Polearms
 17029 | Lair:3   | Reached skill level 5 in Armour
 18092 | Lair:4   | Found a staircase to the Shoals.
 18277 | Lair:4   | Reached skill level 12 in Polearms
 18933 | Lair:4   | Got a dazzling crystal plate armour
 18934 | Lair:4   | Identified the +1 crystal plate armour "Lidikhlucw" {-Cast rC+ rCorr} (You acquired it on level 4 of the Lair of Beasts)
 19279 | Lair:4   | Found a staircase to the Swamp.
 19536 | Lair:5   | Found a staircase to the Snake Pit.
 19543 | Lair:5   | Gained mutation: Your large and strong wings let you fly indefinitely. [Gargoyle growth]
 19543 | Lair:5   | Reached XP level 14. HP: 74/84 MP: 27/27
 19552 | Lair:5   | Reached skill level 13 in Polearms
 21275 | Lair:7   | Reached skill level 14 in Polearms
 21819 | Lair:7   | Found a runed door.
 21821 | Lair:7   | Found a viscous altar of Jiyva.
 21821 | Lair:7   | Found a staircase to the Slime Pits.
 22423 | Lair:8   | Entered Level 8 of the Lair of Beasts
 22483 | Lair:8   | Found a frozen archway.
 22721 | Lair:8   | Reached skill level 10 in Fighting
 22732 | Lair:8   | Reached skill level 1 in Invocations
 22795 | Lair:8   | Reached XP level 15. HP: 56/92 MP: 20/28
 22891 | Lair:8   | Found a burning altar of Makhleb.
 22919 | Lair:8   | Reached skill level 15 in Polearms
 23098 | Lair:8   | Found a gateway to Hell.
 24112 | Orc:1    | Entered Level 1 of the Orcish Mines
 24775 | Orc:2    | Found a deep blue altar of Sif Muna.
 25082 | Orc:2    | Identified Sif Muna's Incunabulum of Confrontation
 25620 | Orc:4    | Entered Level 4 of the Orcish Mines
 25621 | Orc:4    | Upgraded the game from 0.17-a0-1093-g0b3cd89 to 0.17-a0-1105-gbe8b664
 26247 | Orc:4    | Found a roughly hewn altar of Beogh.
 26532 | Orc:4    | Found Zukiokylae's Assorted Antiques.
 26541 | Orc:4    | Bought a sapphire potion for 33 gold pieces
 26571 | Orc:4    | Found Himauz's Weapon Shoppe.
 27032 | Orc:4    | Reached skill level 5 in Invocations
 27181 | Orc:3    | Found a staircase to the Elven Halls.
 27199 | Orc:3    | Reached skill level 10 in Spellcasting
 27582 | Orc:4    | Found Yrec's Jewellery Shoppe.
 27594 | Orc:4    | Found a roughly hewn altar of Beogh.
 27594 | Orc:4    | Found Weonott's General Store.
 27607 | Orc:4    | Bought a potion of resistance for 180 gold pieces
 27962 | Orc:4    | Bought the +7 lajatang of Order {silver, rMut} for 813 gold pieces
 28185 | D:8      | Bought a potion of beneficial mutation for 525 gold pieces
 28185 | D:8      | Gained mutation: Your flesh is heat resistant. [potion of beneficial mutation]
 28194 | D:8      | Upgraded the game from 0.17-a0-1105-gbe8b664 to 0.17-a0-1115-g0372368
 28525 | Shoals:1 | Entered Level 1 of the Shoals
 28600 | Snake:1  | Entered Level 1 of the Snake Pit
 29147 | Snake:1  | Reached XP level 16. HP: 91/100 MP: 30/30
 29735 | Snake:2  | Reached skill level 16 in Polearms
 30826 | Snake:2  | Reached skill level 5 in Dodging
 31405 | Snake:3  | Found Xetzad's Antique Weapon Shop.
 32044 | Snake:3  | Gained mutation: You are dopey. (Int -2) [potion of mutation]
 32044 | Snake:3  | Gained mutation: You are surrounded by a mild repulsion field (EV +2). [potion of mutation]
 32044 | Snake:3  | Gained mutation: You are somewhat resistant to further mutation. [potion of mutation]
 32244 | Snake:4  | Entered Level 4 of the Snake Pit
 32366 | Snake:4  | Noticed Aizul
 32386 | Snake:4  | Killed Aizul
 32863 | Snake:4  | Reached XP level 17. HP: 56/106 MP: 31/31
 33851 | Snake:4  | Got a serpentine rune of Zot
 34300 | D:12     | Learned a level 5 spell: Phase Shift
 34870 | D:13     | Noticed Kirke
 34879 | D:13     | Killed Kirke
 34879 | D:13     | Reached skill level 1 in Staves
 35009 | D:13     | Found an iron altar of Okawaru.
 35119 | D:13     | Noticed Rupert
 35121 | D:13     | Paralysed by Rupert for 3 turns
 35137 | D:13     | Killed Rupert
 35640 | D:14     | Found a gate to the Vaults.
 35640 | D:14     | Noticed Donald
 35640 | D:14     | Noticed Norris
 35654 | D:13     | Killed Donald
 35708 | D:14     | Paralysed by something for 3 turns
 35808 | D:13     | Killed Norris
 36192 | D:14     | Reached XP level 18. HP: 113/113 MP: 32/32
 36435 | D:15     | Entered Level 15 of the Dungeon
 36456 | D:15     | Noticed Louise
 36503 | D:15     | Cast into the Abyss (Louise)
 36525 | Abyss:1  | Identified the Tome of Earthen Enhancements
 36530 | Abyss:1  | Learned a level 3 spell: Spectral Weapon
 36535 | Abyss:1  | Learned a level 4 spell: Control Teleport
 36964 | Abyss:1  | Found a corrupted altar of Lugonu.
 36986 | D:15     | Escaped the Abyss
 36998 | D:15     | Killed Louise
 37152 | D:15     | Found a portal to a secret trove of treasure.
 37327 | D:15     | Got a brightly glowing large shield
 37336 | D:15     | Identified the cursed -1 large shield of Heyciner {rF+ rN+ Str-4 SInv} (You found it on level 15 of the Dungeon)
 37511 | D:15     | Found a staircase to the Depths.
 37648 | D:15     | Reached skill level 10 in Invocations
 38044 | Depths:1 | Entered Level 1 of the Depths
 38051 | Depths:1 | Noticed Sojobo
 38403 | Shoals:1 | Reached skill level 10 in Dodging
 38666 | Shoals:4 | Entered Level 4 of the Shoals
 38747 | Shoals:4 | Got a barnacled rune of Zot
 38766 | Shoals:4 | Reached skill level 17 in Polearms
 38924 | Shoals:4 | Upgraded the game from 0.17-a0-1115-g0372368 to 0.17-a0-1150-g17b0b87
 39125 | Shoals:4 | Noticed Ilsuiw
 39431 | Shoals:4 | Killed Ilsuiw
 39579 | Shoals:4 | Reached XP level 19. HP: 120/120 MP: 31/34
 40125 | Slime:1  | Entered Level 1 of the Pits of Slime
 40875 | Slime:2  | Gained mutation: You expend magic power (3 MP) to strengthen your wands. [a shining eye]
 41332 | Vaults:1 | Entered Level 1 of the Vaults
 42927 | Vaults:2 | Found Foxantes's Antique Weapon Emporium.
 43078 | Vaults:2 | Found Edaf's Gadget Emporium.
 43475 | Vaults:2 | Reached XP level 20. HP: 119/126 MP: 35/35
 43774 | Vaults:2 | Cast into the Abyss (an ogre mage)
 43821 | Abyss:1  | Reached skill level 18 in Polearms
 43896 | Abyss:1  | Found a corrupted altar of Lugonu.
 44152 | Abyss:1  | Learned a level 2 spell: Stoneskin
 44199 | Abyss:1  | Found a corrupted altar of Lugonu.
 44208 | Vaults:2 | Escaped the Abyss
 44579 | Vaults:2 | Found a gateway to a bazaar.
 44602 | Bazaar   | Entered a bazaar
 44616 | Bazaar   | Found Afeostrabri's Armour Shoppe.
 44631 | Bazaar   | Found Routis's Armour Shoppe.
 44631 | Bazaar   | Found Muidgh Huce's Jewellery Emporium.
 44652 | Bazaar   | Found Hommarel's Magic Scroll Shoppe.
 44656 | Bazaar   | Bought a scroll of immolation for 42 gold pieces
 44656 | Bazaar   | Bought a scroll of enchant armour for 90 gold pieces
 44656 | Bazaar   | Bought a scroll of immolation for 42 gold pieces
 44656 | Bazaar   | Bought 2 scrolls of enchant weapon for 180 gold pieces
 44656 | Bazaar   | Bought a scroll of teleportation for 36 gold pieces
 44703 | Bazaar   | Bought the +2 pair of boots of Dishonesty {Dex+2} for 308 gold pieces
 45117 | Vaults:2 | Found Isat's General Store.
 45125 | Vaults:2 | Bought a potion of resistance for 210 gold pieces
 45215 | Vaults:2 | Bought a royal jelly for 42 gold pieces
 45215 | Vaults:2 | Bought a potion of might for 84 gold pieces
 45261 | Vaults:3 | Paralysed by a sphinx for 7 turns
 45272 | Vaults:3 | Reached skill level 10 in Fire Magic
 45294 | Vaults:3 | Reached skill level 10 in Conjurations
 45406 | Vaults:3 | Upgraded the game from 0.17-a0-1150-g17b0b87 to 0.17-a0-1164-g0ba867e
 45657 | Vaults:3 | Got a jewelled quarterstaff
 45658 | Vaults:3 | Identified the +6 quarterstaff of the Spheres {flame, Int+4} (You found it on level 3 of the Vaults)
 45712 | Vaults:3 | Found a staircase to the Crypt.
 45989 | Vaults:3 | Found Mafan's Book Emporium.
 46189 | Vaults:3 | Paralysed by a great orb of eyes for 2 turns
 46204 | Vaults:3 | Paralysed by a great orb of eyes for 3 turns
 46206 | Vaults:3 | Reached XP level 21. HP: 132/132 MP: 36/36
 47675 | Vaults:4 | Found Aruplor's Weapon Shoppe.
 48523 | Vaults:4 | Reached skill level 19 in Polearms
 49221 | Depths:1 | Killed Sojobo
 49396 | Depths:1 | Noticed Wiglaf
 49411 | Depths:1 | Killed Wiglaf
 49411 | Depths:1 | Reached skill level 15 in Fighting
 49687 | Depths:1 | Found a one-way gate leading to the halls of Pandemonium.
 49775 | Depths:1 | Reached XP level 22. HP: 96/140 MP: 38/38
 49840 | Depths:1 | Found a runed door.
 50526 | Depths:1 | Noticed a lich
 50551 | Depths:1 | Killed a lich
 50897 | Depths:2 | Found a gateway to a ziggurat.
 51875 | Depths:3 | Noticed Saint Roka
 52124 | D:15     | Reached skill level 1 in Charms
 53627 | Slime:6  | Entered Level 6 of the Pits of Slime
 53663 | Slime:6  | Noticed the royal jelly
 53685 | Slime:6  | Killed the royal jelly
 53685 | Slime:6  | Reached skill level 1 in Earth Magic
 53701 | Slime:6  | Reached XP level 23. HP: 67/146 MP: 6/40
 53976 | Slime:6  | Got a coiled platinum amulet
 53978 | Slime:6  | Identified the amulet of the Four Souls {Faith rPois Slay+2} (You found it on level 6 of the Pits of Slime)
 54009 | Slime:6  | Got a clouded amethyst amulet
 54010 | Slime:6  | Identified the amulet "Leapt" {Clar -Tele rElec Str+2 Int+5} (You found it on level 6 of the Pits of Slime)
 54040 | Slime:6  | Got a heavy robe
 54041 | Slime:6  | Identified the +2 robe of Salvation {Dex+3} (You found it on level 6 of the Pits of Slime)
 54075 | Slime:6  | Got a slimy rune of Zot
 54146 | Slime:6  | Got a pair of steaming gloves
 54173 | Slime:6  | Identified the +1 pair of gloves "Baeturef" {Regen+ Str+4} (You found it on level 6 of the Pits of Slime)
 54189 | Slime:6  | Got an ebony battleaxe
 54190 | Slime:6  | Identified the +2 battleaxe "Urre" {antimagic, +Blink rF++} (You found it on level 6 of the Pits of Slime)
 54193 | Slime:6  | Got a brightly glowing plate armour
 54194 | Slime:6  | Identified the +2 plate armour of Death's Door {Str-4 Int+7} (You found it on level 6 of the Pits of Slime)
 54619 | Elf:1    | Entered Level 1 of the Elven Halls
 54998 | Elf:1    | Identified Teeghull's Volume of Companions
 56008 | Elf:2    | Found a runed gate.
 56008 | Elf:2    | Found a runed gate.
 56009 | Elf:2    | Found a runed gate.
 56410 | Elf:3    | Entered Level 3 of the Elven Halls
 57005 | Elf:3    | Reached skill level 1 in Transmutations
 57297 | Elf:3    | Reached skill level 10 in Translocations
 57308 | Elf:3    | Cast into the Abyss (a deep elf sorcerer)
 57679 | Elf:3    | Escaped the Abyss
 57756 | Elf:3    | Reached skill level 15 in Spellcasting
 57855 | Elf:3    | Learned a level 9 spell: Singularity
 58272 | Elf:3    | Got an encrusted helmet
 58273 | Elf:3    | Identified the +2 helmet of Resilience {rF- Str-5 Dex+8} (You found it on level 3 of the Elven Halls)
 58282 | Elf:3    | Learned a level 3 spell: Regeneration
 58390 | Elf:3    | Got an encrusted quarterstaff
 58391 | Elf:3    | Identified the cursed +1 quarterstaff "Eggoofiu" {drain, rF++ rC- Int+2 Dex+4} (You took it off a deep elf sorcerer on level 3 of the Elven Halls)
 58393 | Elf:3    | Got a scorched leather armour
 58394 | Elf:3    | Identified the +2 leather armour of the Wasteland {rF+} (You took it off a deep elf sorcerer on level 3 of the Elven Halls)
 58402 | Elf:3    | Got a faintly glowing helmet
 58427 | Elf:3    | Identified the +0 helmet of Ykkuo {*Contam rF+ MR++ Int+2} (You found it on level 3 of the Elven Halls)
 58757 | Elf:3    | Reached XP level 24. HP: 150/152 MP: 28/42
 59001 | Elf:3    | Got a brightly glowing dagger
 59002 | Elf:3    | Identified the +10 dagger of Osuwor {flame, Dex+3} (You found it on level 3 of the Elven Halls)
 59821 | Depths:3 | Killed Saint Roka
 60362 | Depths:3 | Found Nucif's Distillery.
 60370 | Depths:3 | Bought a potion of heal wounds for 115 gold pieces
 60370 | Depths:3 | Bought a potion of might for 92 gold pieces
 60370 | Depths:3 | Bought a potion of agility for 92 gold pieces
 60370 | Depths:3 | Bought a potion of might for 92 gold pieces
 60370 | Depths:3 | Bought a potion of cancellation for 184 gold pieces
 60370 | Depths:3 | Bought a potion of heal wounds for 115 gold pieces
 60370 | Depths:3 | Bought a potion of heal wounds for 115 gold pieces
 60769 | Depths:4 | Found Futab's Quality Used Wands.
 60800 | Depths:4 | Found a one-way gate to the infinite horrors of the Abyss.
 60981 | Depths:4 | Noticed Frederick
 60995 | Depths:4 | Killed Frederick
 61205 | Depths:4 | Found a runed door.
 61224 | Depths:4 | HP: 4/152 [octopode crusher (21)]
 61225 | Depths:4 | Thrown by an octopode crusher

Vault maps used:
D:1:      onia_arrival_handbag
D:2:      xom_butterflies, uniq_jessica
D:3:      nicolae_gozag_cash_rules_everything_around_me, first_bread,
          grunt_ministairs_8, serial_bayou_lagoon_a, minmay_misc_feat_ornament,
          uniq_grinder, uniq_terence
D:4:      minmay_temple_entry_butterflies, serial_shops, shop, st_stairs_4,
          hangedman_decor_clover_reticule, tgw_xom
D:5:      minmay_misc_feat_secret_circle, uniq_crazy_yiuf_cottage, uniq_duvessa
D:6:      uniq_pikel
D:7:      yredelemnul_altar_generic, lemuel_doored_altar, vehumet_statue
D:8:      serial_shops, nicolae_shop_trees, shop, shop,
          nicolae_shop_window_shopping, shop, grunt_ministairs_13,
          hangedman_pestilent_swarm, lemuel_centaur_altar
D:9:      overflow_temple_1_default, kennysheep_little_box, enter_bailey_3,
          solitary_fountain, uniq_maurice
D:10:     minmay_protected_statue
D:11:     lair_0_dummy, orc_0_dummy, uniq_josephine
D:12:     minmay_statue_hallways, basic_altar
D:13:     okawaru_ov_weapons_minmay, uniq_kirke, uniq_rupert
D:14:     david_vaults_3
D:15:     gammafunk_depths_entry_grave, minmay_misc_feat_diagonals,
          nicolae_trove_entry_free_sample, uniq_louise
Temple:   nicolae_temple_x_marks_the_god
Lair:1:   infiniplex_staircase_pool_2, serial_bayou_shore_b
Lair:2:   lemuel_fruit_tree, grunt_megastairs_3, serial_bayou_shore_b
Lair:4:   nicolae_swamp_entry_splash_gauntlet, minmay_shoals_entry_centaurs,
          minivault_29
Lair:5:   minmay_snake_entry_six_corridors
Lair:7:   slime_altar_2, beast_lair_carwin_2, grunt_megastairs_2,
          infiniplex_staircase_pool
Lair:8:   evil_forest, portal_ice_cave_entry_imps, serial_bayou_shore_a
Shoals:1: lightli_airlock, uniq_nikola
Shoals:2: yaktaur_hedge
Shoals:3: nicolae_shoals_undead_eyrie
Shoals:4: shoals_end_simple, shoals_ilsuiw_alternative, uniq_donald
Snake:2:  nicolae_snake_springs
Snake:3:  serial_shops, shop_statue
Snake:4:  snake_pit, grunt_ministairs_14, guppyfry_library_mini, uniq_aizul
Slime:1:  basic_altar
Slime:2:  cheibrodos_slime_lost_civilization_2
Orc:2:    nicolae_orc_lava_tube, led_sif_book
Orc:3:    nicolae_orc_pool_cavern, minmay_orc_barracks
Orc:4:    pubby_orc_utopia
Elf:1:    eino_elf_arrival_customs, serial_sigils, serial_sigils_hangedman_gnaw,
          serial_sigils_hangedman_stare, serial_sigils_hangedman_scar,
          serial_sigils_hangedman_leer, serial_sigils_hangedman_carve,
          minmay_elf_demonology, minivault_16
Elf:3:    minmay_elf_hall_hex, dk_noncrumbling_2, hangedman_elf_disciples
Vaults:1: v_alt_pattern_2, hangedman_vaults_variations,
          nicolae_vaults_yaktaur_gun_rack, nicolae_vaults_three_branches,
          ontoclasm_vaults_claustrophobia, serial_ice_m, vaults_mumra_minichess,
          ontoclasm_vaults_decontamination, ontoclasm_vaults_chip,
          nicolae_vaults_rhombus_6
Vaults:2: nicolae_vaults_border_crossing, v_misc_3, vaults_dpeg_diagonal,
          v_pattern_2, nicolae_vaults_minivaults, vaults_room_boxed,
          ontoclasm_vaults_ligature, nicolae_vaults_big_ls,
          ontoclasm_vaults_chip, ontoclasm_vaults_twist, v_misc_22,
          serial_shops, statue_bzr, shop, nicolae_shop_stone, shop
Vaults:3: nicolae_vaults_arrows, minmay_crypt_entry_simple_plaza,
          ontoclasm_vaults_spin, nicolae_vaults_ninety_degrees,
          ontoclasm_vaults_fault, vaults_room_hallway, v_misc_19,
          vaults_mumra_minichess_inversion, nicolae_vaults_alarming,
          serial_shops, nicolae_shop_trees
Vaults:4: nicolae_vaults_quadrants, ontoclasm_vaults_tryst,
          hangedman_vaults_capsules, hangedman_vaults_cutoff, vaults_dpeg_hooks,
          vaults_room_stairs_pillars, v_misc_2, grunt_vaults_swirl,
          nicolae_vaults_little_squares_4, serial_shops,
          nicolae_shop_statue_plus
Depths:1: pan_entry, hell_entry, minmay_misc_feat_iff, minmay_variable_closet,
          spider_trap, st_stairs_10, grunt_decor_clamped, minivault_16,
          lightli_gold_pyramid, grunt_megastairs_4, uniq_sojobo, uniq_wiglaf
Depths:2: kennysheep_big_flooded_room, enter_ziggurat_f, grunt_hell_horde,
          kennysheep_cross_room, infiniplex_staircase_pillars_3a,
          serial_bayou_shore_b
Depths:3: lemuel_flame_loot_2, serial_shops, shop, serial_sigils_hangedman_gut,
          hell_entry, rand_demon_pan_entry_5, basic_loot_grate_trap,
          infiniplex_staircase_door_maze, uniq_saint_roka
Depths:4: lemuel_troll_bridge, abyss_entry, pf_hell_entry_tar_river,
          st_stairs_6, nicolae_for_you_no_charge, firewood_loft, uniq_frederick
Abyss:1:  evilmike_abyss_exit_4, hangedman_cross_veins, bh_abyss_exit_spiral
Abyss:2:  evilmike_abyss_exit_4
Bazaar:   bazaar_short_row
Bailey:   bailey_axe_1, bailey

Action                   |  1- 3 |  4- 6 |  7- 9 | 10-12 | 13-15 | 16-18 | 19-21 | 22-24 || total
-------------------------+-------+-------+-------+-------+-------+-------+-------+-------++-------
Melee: Spear             |    32 |    36 |   324 |       |       |       |       |       ||   392
       Unarmed           |     9 |       |       |       |       |       |       |       ||     9
       Mace              |     1 |    21 |       |       |       |       |       |       ||    22
       Trident           |       |       |   142 |     7 |       |       |       |       ||   149
       Scythe            |       |       |       |   428 |  1588 |  1270 |  1400 |  1221 ||  5907
       Lajatang          |       |       |       |       |       |   240 |   423 |   432 ||  1095
 Fire: Blowgun           |       |       |     3 |       |       |       |       |       ||     3
Throw: Stone             |       |       |       |       |    17 |       |       |       ||    17
 Cast: Flame Tongue      |    50 |    79 |   194 |    51 |     3 |       |       |       ||   377
       Throw Flame       |       |     2 |     5 |    39 |    15 |       |     1 |     7 ||    69
       Conjure Flame     |       |     2 |    11 |    12 |     1 |       |       |       ||    26
       Sticky Flame      |       |       |     2 |     3 |       |     2 |     8 |    28 ||    43
       Fireball          |       |       |     2 |    19 |     5 |    19 |    18 |    44 ||   107
       Apportation       |       |       |     1 |     9 |       |     9 |     5 |     2 ||    26
       Blink             |       |       |       |    13 |     7 |    18 |    23 |    14 ||    75
       Mephitic Cloud    |       |       |       |    15 |    52 |    44 |    58 |    31 ||   200
       Bolt of Fire      |       |       |       |     2 |    25 |    70 |    29 |    37 ||   163
       Phase Shift       |       |       |       |       |       |    11 |    18 |    20 ||    49
       Spectral Weapon   |       |       |       |       |       |     5 |     2 |     3 ||    10
       Control Teleport  |       |       |       |       |       |     1 |     1 |     5 ||     7
       Stoneskin         |       |       |       |       |       |       |    15 |    20 ||    35
Invok: Slouch            |       |       |       |       |     2 |       |     4 |       ||     6
 Abil: Fly               |       |       |       |       |     1 |       |       |       ||     1
Evoke: Wand              |       |       |     4 |       |       |    10 |    14 |    24 ||    52
  Use: Scroll            |       |    11 |     9 |    16 |    18 |    27 |    12 |    23 ||   116
       Potion            |       |       |       |     4 |     2 |     7 |     1 |     9 ||    23
 Stab: Sleeping          |       |     1 |     3 |     8 |    50 |    12 |    14 |    11 ||    99
       Distracted        |       |       |     2 |     2 |    18 |    15 |     3 |    13 ||    53
       Confused          |       |       |       |     8 |    63 |    15 |    37 |    35 ||   158
       Fleeing           |       |       |       |       |     1 |       |       |       ||     1
       Held in net/web   |       |       |       |       |       |     1 |       |       ||     1
  Eat: Chunk             |     4 |     5 |     3 |     1 |     7 |     8 |       |     1 ||    29
       Pizza             |       |       |     3 |     2 |     2 |     2 |       |     2 ||    11
       Bread ration      |       |       |     2 |       |       |     1 |     5 |     3 ||    11
       Beef jerky        |       |       |     1 |       |     2 |     2 |     3 |     1 ||     9
       Fruit             |       |       |       |     9 |       |    16 |     4 |     7 ||    36
       Royal jelly       |       |       |       |       |    10 |     1 |     1 |     1 ||    13
       Meat ration       |       |       |       |       |       |     1 |       |       ||     1
